 Dungeon Crawl Stone Soup version 0.17-a0-848-g7e5c6af (webtiles) character file.

4938 FedoraBrony69 the Infuser (level 10, -7/50 HPs)
             Began as a Deep Elf Conjurer on Apr 27, 2015.
             Was a Believer of Kikubaaqudgha.
             Killed from afar by a hobgoblin (9 damage)
             ... with a wand of draining
             ... on level 9 of the Dungeon.
             The game lasted 00:29:50 (9130 turns).

FedoraBrony69 the Infuser (Deep Elf Conjurer)       Turns: 9130, Time: 00:29:51

Health: -7/50      AC:  7    Str:  7    XL:     10   Next: 28%
Magic:  11/27      EV: 15    Int: 24    God:    Kikubaaqudgha [**....]
Gold:   494        SH:  0    Dex: 15    Spells: 5 memorised, 13 levels left

rFire  . . .     SeeInvis +     u - +1 whip (elec)
rCold  . . .     Clarity  .     a - +0 robe
rNeg   . . .     SustAb   .     (no shield)
rPois  .         Gourm    .     F - +1 helmet "Quuptasm" {Regen+ Str+2 Stlth+}
rElec  .         Spirit   .     g - +1 cloak
rCorr  .         Warding  .     v - +0 pair of gloves
rMut   .         Stasis   .     (no boots)
MR     +....                    (no amulet)
Stlth  +++.......               (no ring)
                                p - +4 ring of evasion

@: slowed, heavily drained, very slow, somewhat resistant to hostile
enchantments, fairly stealthy
A: see invisible
a: Receive Corpses, Renounce Religion


You were on level 9 of the Dungeon.
You worshipped Kikubaaqudgha.
Kikubaaqudgha was pleased with you.
You were not hungry.

You visited 2 branches of the dungeon, and saw 10 of its levels.
You also visited: Sewer.

You collected 549 gold pieces.
You spent 55 gold pieces at shops.

Inventory:

Hand weapons
 u - a +1 whip of electrocution (weapon)
Armour
 a - a +0 robe (worn)
 g - a +1 cloak (worn)
 v - a +0 pair of gloves (worn)
 F - the +1 helmet "Quuptasm" (worn) {Regen+ Str+2 Stlth+}
   (You found it on level 6 of the Dungeon)

   It affects your strength (+2).
   It increases your rate of regeneration.
   It makes you more stealthy.
 S - the +1 robe of Honour {rPois Regen+ Str-5 Int-4}
   (You found it on level 8 of the Dungeon)

   It affects your strength (-5).
   It affects your intelligence (-4).
   It protects you from poison.
   It increases your rate of regeneration.
Jewellery
 p - a +4 ring of evasion (left hand)
Magical devices
 A - a wand of hasting (6)
Scrolls
 d - 2 scrolls of enchant weapon {unknown}
 f - 6 scrolls of teleportation {unknown}
 h - 2 scrolls of identify {unknown}
 l - 7 scrolls of remove curse
 o - 2 scrolls of immolation {unknown}
 r - 4 scrolls of enchant armour {unknown}
 s - a scroll of amnesia {unknown}
 B - 2 scrolls of recharging {unknown}
 C - 3 scrolls of blinking {unknown}
 D - 2 scrolls of noise {unknown}
 G - a scroll of fear {unknown}
 K - a scroll of random uselessness {unknown}
 Q - a scroll of fog {unknown}
Potions
 e - 2 potions of flight {unknown}
 i - a potion of agility {unknown}
 j - 5 potions of lignification {unknown}
 x - a potion of might {unknown}
 z - 3 potions of heal wounds {unknown}
 E - 2 potions of restore abilities {unknown}
 H - a potion of ambrosia {unknown}
 I - a potion of curing {unknown}
 M - a potion of poison {unknown}
 N - 2 potions of cure mutation {unknown}
 O - a potion of magic {unknown}
Books
 b - a book of Conjurations

   Spells                             Type                      Level
   a - Magic Dart                     Conjuration                  1
   b - Searing Ray                    Conjuration                  2
   c - Dazzling Spray                 Conjuration/Hexes            3
   d - Fulminant Prism                Conjuration/Hexes            4
   e - Iskenderun's Mystic Blast      Conjuration                  4
   f - Iskenderun's Battlesphere      Conjuration/Charms           5
 L - Kikubaaqudgha's Reference Book on Necromancy
   (Kikubaaqudgha gifted it to you on level 7 of the Dungeon)

   Spells                             Type                      Level
   a - Pain                           Necromancy                   1
   b - Corpse Rot                     Necromancy                   2
   c - Sublimation of Blood           Necromancy                   2
   d - Vampiric Draining              Necromancy                   3
   e - Control Undead                 Necromancy                   4
 P - Sif Muna's Collected Works on Lucky Confrontation
   (You found it on level 8 of the Dungeon)

   Spells                             Type                      Level
   a - Magic Dart                     Conjuration                  1
   b - Swiftness                      Charms/Air                   2
   c - Dazzling Spray                 Conjuration/Hexes            3
   d - Stone Arrow                    Conjuration/Earth            3
   e - Irradiate                      Conjuration/Transmutation    5
   f - Haste                          Charms                       6
Comestibles
 c - 6 bread rations
 k - 5 beef jerkies
 m - 2 royal jellies
 n - a chunk of flesh
 q - 28 fruits
 t - 6 meat rations


   Skills:
 - Level 2.4(0.5) Dodging
 - Level 2.4(0.5) Stealth
 + Level 11.1(8.7) Spellcasting
 + Level 10.2(7.8) Conjurations
 - Level 12.1(9.6) Charms
 * Level 4.0(2.0) Necromancy


You had 13 spell levels left.
You knew the following spells:

 Your Spells              Type           Power        Failure   Level  Hunger
a - Magic Dart            Conj           ####         1%          1    None
b - Iskenderun's Battles  Conj/Chrm      ######..     6%          5    ####...
c - Iskenderun's Mystic   Conj           #####...     2%          4    ##.....
d - Sublimation of Blood  Necr           ###.......   4%          2    None
x - Haste                 Chrm           ######..     21%         6    ######.


Dungeon Overview and Level Annotations

Branches:
Dungeon (9/15)             Temple (1/1) D:5            Lair (0/8) D:9
    Orc: D:9-12

Altars:
Ashenzari
Cheibriados
Dithmenos
Elyvilon
Fedhas
Gozag
Kikubaaqudgha
Makhleb
Nemelex Xobeh
Okawaru
Qazlal
Ru
Sif Muna
Trog
Vehumet
Xom
Yredelemnul
Zin
The Shining One

Shops:
D:4 *   D:9 *

Annotations:
D:9 Gastronok, Grum


Innate Abilities, Weirdness & Mutations

You have supernaturally acute eyesight.


Message History

The bolt of negative energy hits your battlesphere.
Your battlesphere completely resists.
It is a wand of draining.
The hobgoblin zaps a wand.
The bolt of negative energy hits you!
You feel drained.
Ouch! That really hurt!
The hobgoblin zaps a wand.
The bolt of negative energy hits you!
You feel drained.
* * * LOW HITPOINT WARNING * * *
Casting: Iskenderun's Battlesphere
Confirm with . or Enter, or press ? or * to list all spells.
Aiming: Iskenderun's Mystic Blast
Press: ? - help, Shift-Dir - straight line, f - hobgoblin
Aim: a hobgoblin, wielding a club and carrying a wand of draining {zapped: 3} The orb of energy misses the hobgoblin.
The hobgoblin zaps a wand.
The bolt of negative energy hits you!
You feel drained.
* * * LOW HITPOINT WARNING * * *
The hobgoblin zaps a wand.
The bolt of negative energy hits you!
You feel drained.
You die...
Kikubaaqudgha rasps: "You have failed me!
Welcome... death!"

#################################
................))[)[.......)....
################g###........#####
.....# #@# #..§...≈.### .....###
#.# #..........# .......#
#######.####...∩.....# .......#
#......*.# #.........# #
.......###........# #.≈.r.#...# #
..#...............# #.........###
..#...............# #..........or
..+..##..[........# #####.......#
..##.##...........# #.......#


You could see a hobgoblin.

Vanquished Creatures
  Erica (D:9)
  Pikel (D:7)
  2 wolves
  A hippogriff (D:7)
  A water moccasin (D:6)
  Duvessa (D:7)
  2 sky beasts
  2 orc warriors
  A slave (D:7)
  2 centaurs
  4 ogres
  5 giant frogs
  A wyvern zombie (D:9)
  10 killer bees
  2 wyvern skeletons
  4 scorpions
  Dowan (D:7)
  A crimson imp (D:7)
  3 hounds
  4 orc priests
  2 centaur skeletons (D:4)
  A centaur zombie (D:9)
  3 iguanas
  A giant frog skeleton (D:9)
  6 orc wizards
  4 worker ants
  A worker ant zombie (D:5)
  8 gnolls
  16 adders
  A river rat (D:4)
  2 shadow imps
  2 adder zombies (D:6)
  4 worms
  13 giant geckos
  18 orcs
  7 ball pythons
  A bat skeleton (D:7)
  9 giant cockroaches
  16 hobgoblins
  18 jackals
  12 kobolds
  3 quokkas
  18 bats
  A giant gecko skeleton (D:4)
  A giant gecko zombie (D:8)
  8 giant newts
  A giant spore (D:8)
  8 goblins
  A quokka skeleton (D:5)
  14 rats
  A ballistomycete (D:8)
250 creatures vanquished.

Vanquished Creatures (others)
  A slave (D:7)
  A centaur (D:7)
  A big kobold (D:7)
  A jackal (D:7)
  2 kobolds (D:7)
  A quokka (D:7)
  A fungus (D:9)
  A plant (D:9)
9 creatures vanquished.

Grand Total: 259 creatures vanquished

Notes
Turn   | Place    | Note
--------------------------------------------------------------
     0 | D:1      | FedoraBrony69, the Deep Elf Conjurer, began the quest for the Orb.
     0 | D:1      | Reached XP level 1. HP: 10/10 MP: 6/6
   172 | D:1      | Reached XP level 2. HP: 15/15 MP: 2/8
   640 | D:1      | Reached XP level 3. HP: 19/19 MP: 5/10
   721 | D:2      | Found an iron altar of Okawaru.
   724 | D:2      | Reached skill level 5 in Conjurations
   777 | D:2      | Found a sacrificial altar of Ru.
  1195 | D:2      | Reached XP level 4. HP: 20/24 MP: 2/12
  1316 | D:2      | Reached skill level 5 in Spellcasting
  1643 | D:3      | Reached XP level 5. HP: 28/28 MP: 2/14
  1791 | D:3      | Found an opulent altar of Gozag.
  2172 | D:4      | Learned a level 5 spell: Iskenderun's Battlesphere
  2177 | D:4      | Learned a level 4 spell: Iskenderun's Mystic Blast
  2211 | D:4      | Reached skill level 6 in Conjurations
  2227 | D:4      | Found a basalt altar of Yredelemnul.
  2262 | D:4      | Found Zuacienun's Assorted Antiques.
  2265 | D:4      | Bought a scroll labeled ALOETE ONTACY for 19 gold pieces
  2265 | D:4      | Bought a bubbling purple potion for 17 gold pieces
  2265 | D:4      | Bought a scroll labeled ALOETE ONTACY for 19 gold pieces
  2366 | D:4      | Reached skill level 1 in Charms
  2439 | D:4      | Noticed an ogre
  2444 | D:4      | Killed an ogre
  2444 | D:4      | Reached XP level 6. HP: 32/32 MP: 10/17
  2486 | D:4      | Found a glowing drain.
  2578 | Sewer    | Entered a sewer
  2932 | Sewer    | Reached skill level 5 in Charms
  2932 | Sewer    | Reached XP level 7. HP: 22/36 MP: 1/19
  3395 | D:4      | Reached skill level 7 in Spellcasting
  3645 | D:5      | Entered Level 5 of the Dungeon
  3926 | D:5      | Found a sparkling altar of Nemelex Xobeh.
  4480 | D:5      | Found a staircase to the Ecumenical Temple.
  4500 | Temple   | Entered the Ecumenical Temple
  4732 | Temple   | Became a worshipper of Kikubaaqudgha
  5063 | D:5      | Found a radiant altar of Vehumet.
  5209 | D:6      | Reached XP level 8. HP: 26/41 MP: 1/21
  5502 | D:6      | Reached skill level 8 in Charms
  6069 | D:6      | Got a steaming helmet
  6080 | D:6      | Identified the +1 helmet "Quuptasm" {Regen+ Str+2 Stlth+} (You found it on level 6 of the Dungeon)
  6227 | D:7      | Noticed Dowan
  6231 | D:7      | Killed Dowan
  6233 | D:7      | Noticed Duvessa
  6237 | D:7      | Killed Duvessa
  6318 | D:7      | Reached skill level 9 in Charms
  6422 | D:7      | Noticed Pikel
  6428 | D:7      | Killed Pikel
  6428 | D:7      | Reached skill level 10 in Charms
  6428 | D:7      | Reached XP level 9. HP: 45/45 MP: 6/24
  6802 | D:7      | Acquired Kikubaaqudgha's first power
  6802 | D:7      | Received a gift from Kikubaaqudgha
  6805 | D:7      | Identified Kikubaaqudgha's Reference Book on Necromancy (Kikubaaqudgha gifted it to you on level 7 of the Dungeon)
  6814 | D:7      | Learned a level 2 spell: Sublimation of Blood
  7051 | D:7      | Reached skill level 11 in Charms
  7549 | D:8      | Identified Sif Muna's Collected Works on Lucky Confrontation
  7557 | D:8      | Learned a level 6 spell: Haste
  7768 | D:8      | Found a shattered altar of Ashenzari.
  7785 | D:8      | Reached skill level 10 in Spellcasting
  7826 | D:8      | Got a brightly glowing robe
  7827 | D:8      | Gained mutation: You have supernaturally acute eyesight. [mutagenic meat]
  7839 | D:8      | Identified the +1 robe of Honour {rPois Regen+ Str-5 Int-4} (You found it on level 8 of the Dungeon)
  8171 | D:8      | Reached skill level 12 in Charms
  8344 | D:9      | Noticed Grum
  8479 | D:9      | Found a sparkling altar of Nemelex Xobeh.
  8489 | D:9      | Found Luwohac's Elemental Accessories.
  8513 | D:9      | Reached skill level 1 in Necromancy
  8513 | D:9      | Reached XP level 10. HP: 50/50 MP: 8/26
  8695 | D:9      | Noticed Erica
  8698 | D:9      | Killed Erica
  8698 | D:9      | Reached skill level 10 in Conjurations
  8775 | D:9      | Acquired Kikubaaqudgha's second power
  8977 | D:9      | Found a staircase to the Lair.
  9125 | D:9      | Noticed Gastronok
  9130 | D:9      | HP: 2/50 [hobgoblin/wand of draining (9)]
  9130 | D:9      | Killed from afar by a hobgoblin

Action                   |  1- 3 |  4- 6 |  7- 9 | 10-12 || total
-------------------------+-------+-------+-------+-------++-------
Melee: Spear             |     4 |       |       |       ||     4
       Whip              |       |    10 |    13 |       ||    23
 Cast: Magic Dart        |    74 |   135 |   293 |    18 ||   520
       Iskenderun's Myst |       |     6 |    36 |    17 ||    59
       Iskenderun's Batt |       |       |    21 |     4 ||    25
       Sublimation of Bl |       |       |       |     2 ||     2
  Use: Scroll            |       |       |     1 |       ||     1
  Eat: Chunk             |       |     6 |    23 |     3 ||    32
